 Dungeon Crawl Stone Soup version 0.29.1-13-g9f3cf754e1 (webtiles) character file.

Game seed: 13723184069267829049

118 cheesebisquit the Cutter (level 5, -2/38 HPs)
             Began as a Merfolk Gladiator on Jan 21, 2023.
             Splashed by a jelly's acid (8 damage)
             ... on level 3 of the Dungeon.
             The game lasted 00:09:23 (2843 turns).

cheesebisquit the Cutter (Merfolk Gladiator)        Turns: 2843, Time: 00:09:23

Health: -2/38      AC:  0    Str: 14    XL:     5   Next: 2%
Magic:  5/5        EV: 13    Int:  7    God:
Gold:   189        SH:  0    Dex: 18    Spells: 4/4 levels left

rFire   + . .      SeeInvis .   a - +0 rapier
rCold   . . .      Faith    .   (no shield)
rNeg    . . .      Spirit   .   b - +0 leather armour
rPois   .          Reflect  .   c - +0 helmet
rElec   .          Harm     .   (no cloak)
rCorr   .          Rampage  .   (no gloves)
Will    .....                   (no boots)
Stlth   +.........              (no amulet)
HPRegen 0.12/turn               q - ring of protection from fire
MPRegen 0.09/turn               (no ring)

@: corroded
A: (nimble swimmer 2), mertail
a: no special abilities


You were on level 3 of the Dungeon.
You visited 1 branch of the dungeon, and saw 3 of its levels.

You collected 189 gold pieces.

Inventory:

Hand Weapons
 a - a +0 rapier (weapon)
 j - a +0 sling
Armour
 b - a +0 leather armour (worn)
 c - a +0 helmet (worn)
Jewellery
 i - an amulet of faith
 q - a ring of protection from fire (left hand)
Wands
 s - a wand of iceblast (3)
Scrolls
 f - 7 scrolls of identify {unknown}
 k - a scroll of brand weapon {unknown}
 l - a scroll of poison {unknown}
 p - a scroll of fear {unknown}
 t - a scroll of teleportation {unknown}
Potions
 d - a potion of mutation {unknown}
 g - 3 potions of might {unknown}
 h - 4 potions of curing {unknown}
 m - a potion of heal wounds {unknown}
 n - 2 potions of lignification {unknown}
 o - 2 potions of haste {unknown}
 r - a potion of magic {unknown}


   Skills:
 - Level 2.2 Fighting
 + Level 6.6 Short Blades
 - Level 2.0 Throwing
 - Level 4.0 Dodging


You had 4 spell levels left.
You didn't know any spells.
Your spell library contained the following spells:

 Spells                   Type           Power      Damage    Failure   Level
 Frozen Ramparts          Ice            0%         1d1       87%         3
 Ice Form                 Ice/Tmut       0%         N/A       99%         4
 Summon Ice Beast         Ice/Summ       0%         N/A       99%         4


Dungeon Overview and Level Annotations

Branches:
Dungeon (3/15)

Altars:
Gozag


Innate Abilities, Weirdness & Mutations

((You are very nimble when in or above water. (Stealth+, EV+, Speed+++)))
Your lower body shifts to a powerful aquatic tail in water.


Message History

The endoplasm is moderately wounded.
The endoplasm freezes you.
You are frozen.
You puncture the endoplasm!
You kill the endoplasm!
Throw: javelin
Press: ? - help, Q - select action, (/) - cycle Shift-Dir - straight line, f - endoplasm
Aim: an endoplasm (87% to hit)
You throw a javelin. The javelin pierces through the jelly.
The jelly is lightly wounded.
The javelin pierces through the endoplasm!
You kill the endoplasm!
The jelly closely misses you. The jelly hits you.
You are splashed with acid!
You hit the jelly.
Your hands burn!
The jelly is moderately wounded.
The jelly hits you but does no damage.
You hit the jelly.
Your hands burn!
The jelly is moderately wounded.
The jelly hits you but does no damage.
You barely miss the jelly.
The jelly is moderately wounded.
The jelly jiggles.
You see here a +0 dagger.
The jelly attacks as you move away! The jelly hits you but does no damage.
The jelly attacks as you move away! The jelly hits you but does no damage.
The jelly attacks as you move away! The jelly hits you but does no damage.
There is an open door here.
Okay, then.
Okay, then.
The jelly attacks as you move away! The jelly hits you but does no damage.
There is an open gate here.
The jelly attacks as you move away! The jelly hits you but does no damage.
The jelly jiggles.
The jelly attacks as you move away! The jelly hits you. The acid corrodes you!
You are splashed with acid.
* * * LOW HITPOINT WARNING * * *
The jelly attacks as you move away! The jelly hits you.
* * * LOW HITPOINT WARNING * * *
You are splashed with acid!
You die...

#...........######## ####
#.####...##.# ##########J.(
#.#.......).###......##J.J.
#.#.###.###)##.......#J#...
####.#..##.###.)........#J#÷PP
#..........##..'.....J..#.#÷.J
####.###...#...JJ..J..#'#J#÷..
#.)...>....J##.....#.#J#.÷.
#.####...#@####....#J#.#PP.
#.# #......#########.##.J. #.#
#.......############## #.#
#..............########
#.####..#..................
#....#..#..###.###..#.#####
####..#.#..#..# #.............
#.....#.#..#..#######..#######
##.#.#..................#


You could see 2 jellies and an endoplasm.

Vanquished Creatures
  4 adders
  A worm (D:2)
  2 dart slugs (D:1)
  6 ball pythons
  12 endoplasms
  A giant cockroach (D:2)
  6 goblins
  7 hobgoblins
  3 quokkas
  7 bats
  A frilled lizard (D:1)
  13 kobolds
  5 rats
68 creatures vanquished.

Vanquished Creatures (others)
  3 fungi (D:3)
  12 toadstools
15 creatures vanquished.

Grand Total: 83 creatures vanquished

Notes
Turn   | Place    | Note
-------+----------+-------------------------------------------
     0 | D:1      | cheesebisquit the Merfolk Gladiator began the quest for the
                  | Orb.
     0 | D:1      | Reached XP level 1. HP: 16/16 MP: 1/1
    81 | D:1      | Reached skill level 4 in Short Blades
    93 | D:1      | Reached XP level 2. HP: 22/22 MP: 2/2
   455 | D:1      | Reached XP level 3. HP: 27/27 MP: 3/3
   463 | D:1      | Reached skill level 5 in Short Blades
  1089 | D:2      | Found an opulent altar of Gozag.
  1221 | D:2      | Reached XP level 4. HP: 33/33 MP: 4/4
  1416 | D:2      | Reached skill level 6 in Short Blades
  1518 | D:2      | Found a faded altar of an unknown god.
  2815 | D:3      | Reached XP level 5. HP: 36/38 MP: 5/5
  2843 | D:3      | Splashed by a jelly's acid

Illustrated notes

Levels and vault maps discovered:
D:1:      ldierk_water_garden, layout_basic, bh_walls_and_bars
D:2:      layout_basic, basic_altar, chequers_ecumenical_altar_simple,
          minmay_octomino_j4
D:3:      cheibrodos_fertilizer, layout_basic, minmay_misc_feat_tiny,
          hangedman_abyss_or_decor_lesser_grid

Skill      XL: |  1  2  3  4 |
---------------+-------------+-----
Short Blades   | 4 5 6 |  6.6
Fighting       | |  2.2
Throwing       | |  2.0
Dodging        | |  4.0

Action                   |  1- 3 |  4- 6 || total
-------------------------+-------+-------++-------
Melee: Rapier            |    91 |   101 ||   192
Throw: Throwing net      |     1 |     2 ||     3
       Javelin           |       |     1 ||     1
 Stab: Sleeping          |     2 |     2 ||     4
Armor: Leather armour    |    23 |    27 ||    50
Dodge: Dodged            |    65 |    53 ||   118
